 Dungeon Crawl Stone Soup version 0.27.0-1-g7a089689b8 (webtiles) character file.

Game seed: 404249829391213289

3 SnakkuSnakku7 the Grave Robber (level 1, -1/14 HPs)
             Began as a Merfolk Necromancer on Aug 7, 2021.
             Slain by a kobold (2 damage)
             ... on level 1 of the Dungeon.
             The game lasted 00:00:25 (147 turns).

SnakkuSnakku7 the Grave Robber (Merfolk Necromancer) Turns: 147, Time: 00:00:25

Health: -1/14      AC:  2    Str:  8    XL:     1   Next: 50%
Magic:  3/3        EV: 12    Int: 14    God:
Gold:   9          SH:  0    Dex: 14    Spells: 3/4 levels left

rFire    . . .     SeeInvis .   c - +2 whip (venom)
rCold    . . .     Faith    .   (no shield)
rNeg     . . .     Spirit   .   b - +0 robe
rPois    .         Reflect  .   (no helmet)
rElec    .         Harm     .   (no cloak)
rCorr    .         Rampage  .   (no gloves)
Will     .....                  (no boots)
Stlth    ++........             (no amulet)
HPRegen  0.04/turn              (no ring)
MPRegen  0.08/turn              (no ring)

@: no status effects
A: (nimble swimmer 2), mertail
a: no special abilities


You were on level 1 of the Dungeon.
You visited 1 branch of the dungeon, and saw 1 of its levels.

You collected 9 gold pieces.

Inventory:

Hand Weapons
 a - a +0 spear
 c - a +2 whip of venom (weapon)
Armour
 b - a +0 robe (worn)


   Skills:
 + Level 0.5 Fighting
 + Level 1.0 Polearms
 - Level 2.6 Dodging
 - Level 2.1 Stealth
 - Level 2.0 Spellcasting
 - Level 3.2 Necromancy


You had 3 spell levels left.
You knew the following spells:

 Your Spells              Type           Power      Damage    Failure   Level
a - Pain                  Necr           40%        1d6       6%          1

Your spell library contained the following spells:

 Spells                   Type           Power      Damage    Failure   Level
 Animate Skeleton         Necr           20%        N/A       6%          1
 Vampiric Draining        Necr           5%         2d6       19%         3
 Animate Dead             Necr           5%         N/A       52%         4
 Agony                    Necr           10%        N/A       86%         5


Dungeon Overview and Level Annotations

Branches:
Dungeon (1/15)

Altars:


Innate Abilities, Weirdness & Mutations

((You are quick and stealthy near water. (Stealth+, EV+, Speed+++)))
Your lower body shifts to a powerful aquatic tail in water.


Message History

You hit the endoplasm.
You kill the endoplasm!
No target in view!
You see here a +2 whip of venom.
c - a +2 whip of venom Your +2 whip of venom begins to drip with poison!
c - a +2 whip of venom (weapon)
Found 25 sling bullets.
You now have 9 gold pieces.
HP restored.
Found a whip.
Found a stone staircase leading down.
Found a short sword.
A bat comes into view.
A bat is nearby!
A bat is nearby!
A kobold comes into view. It is wielding a +0 dagger.
The kobold shouts!
The bat hits you.
You hit the bat.
The bat is poisoned.
The bat is moderately wounded.
The bat hits you. The bat closely misses you.
You miss the bat.
The bat is severely wounded.
You kill the bat!
Your Polearms skill increases to level 1!
You see here a bat corpse.
The kobold hits you with a +0 dagger.
You closely miss the kobold. The kobold closely misses you.
You hit the kobold.
The kobold is severely wounded.
The kobold hits you with a +0 dagger.
* * * LOW HITPOINT WARNING * * *
You miss the kobold.
The kobold is severely wounded.
The kobold hits you with a +0 dagger.
* * * LOW HITPOINT WARNING * * *
You closely miss the kobold.
The kobold is severely wounded.
The kobold hits you with a +0 dagger.
You die...

######## #......#
.. #......# ..##
#......#### ....##
#......... ).#...
#...K..# ....#
#...@..# #.##..
#...†..#######
#.....
#............#
####
####.##......# #
#.##......########
#.##..............
#.##......#######.
#.##..............
#.##..>...###..#..


You could see a kobold.

Vanquished Creatures
  A bat (D:1)
  An endoplasm (D:1)
  A ball python (D:1)
3 creatures vanquished.

Notes
Turn   | Place    | Note
-------+----------+-------------------------------------------
     0 | D:1      | SnakkuSnakku7 the Merfolk Necromancer began the quest for
                  | the Orb.
     0 | D:1      | Reached XP level 1. HP: 13/13 MP: 3/3
   142 | D:1      | Reached skill level 1 in Polearms
   147 | D:1      | Slain by a kobold

Illustrated notes

Levels and vault maps discovered:
D:1:      wander_arrival_lonely_grave, layout_rooms

Skill      XL: |  1 |
---------------+----+-----
Polearms       | 1 |  1.0
Fighting       | |  0.5
Dodging        | |  2.6
Stealth        | |  2.1
Spellcasting   | |  2.0
Necromancy     | |  3.2

Action                   || total
-------------------------++-------
Melee: Whip              ||     6
       Spear             ||     5
Armor: Robe              ||     2
Dodge: Dodged            ||     8
